cohdb
Replays
Latest Replays
All Replays
Popular Replays
Top Player Replays
Match Explorer
How It Works
Community
CoH3 Stats
Reddit
Sign in to upload your games and track your stats! →
Sign in with Steam
Match 39429245
Unlisted
Match 39429245
Overview
Messages
Build Orders
End
Pioneer Squad
Construct Infanterie Kompanie
MG 42 Machine Gun Team
Selects Terror Battlegroup
Selects Terror Battlegroup
Selects Machine Gun Camouflage
MG 42 Machine Gun Team
Construct Panzergrenadier Kompanie
Grenadier Squad
Pak 40 Anti-tank Gun Team
251 Medium Carrier
Panzergrenadier Squad
Panzergrenadier Officer Quarters
Panzergrenadier Squad
Support Elements
Nebelwerfer 42 Rocket Launcher Team
Nebelwerfer 42 Rocket Launcher Team
Construct Panzer Kompanie
Panzer IV Medium Tank
Selects Interrogate
Selects Propaganda Leaflet Drop
Panzer Officer Quarters
Side Skirts
Selects No Quarter
Kanade
tolc
kerem
L1mbo
Pada
Clobberin' time
Hellbombdiver
Jonny
0
0
Comments
sign in to comment!
No comments posted yet!